AoeStats
← cfbarragan

Arabia

510237872Analyzed
1v1 RM · 2d ago on Sep 30, 2026· 48m 29s· 2 players
Game mode
Random Map
Map size
Tiny (2 player)
Population
200
Speed
Normal
Resources
Standard
Victory
Conquest
Starting age
Dark Age
Ending age
Imperial Age
RankedLock teamsTeams togetherTeam positionsShared explorationLock speedFull tech treeHidden civsTurbo modeCheats
Victory
Defeat
🇦🇷 Bulgarians · Argentina
1103
+16
🇦🇷 Bengalis · Argentina
1108
-16
cfbarragan
6:57 Loom
9:35 Feudal Age
10:07 Double-Bit Axe
15:01 Arson
19:09 Forging
19:49 Wheelbarrow
20:34 Scale Mail Armor
24:19 Castle Age
25:09 Gambesons
26:21 Bloodlines
26:55 Squires
28:56 Husbandry
29:02 Scale Barding Armor
29:52 Chain Barding Armor
31:17 Bow Saw
33:28 Iron Casting
39:17 Devotion
41:01 Stone Mining
41:03 Gold Mining
45:39 Imperial Age
43:03 Horse Collar
43:18 Town Watch
43:49 Hand Cart
45:48 Cavalier
47:06 Plate Barding Armor
47:07 Conscription
47:06 Heavy Plow
DS_Mc. Patto
5:38 Loom
8:37 Feudal Age
9:57 Double-Bit Axe
10:52 Town Watch
24:47 Castle Age
23:07 Fletching
23:12 Gold Mining
23:04 Horse Collar
25:02 Scale Barding Armor
26:02 Crossbowman
30:33 Husbandry
30:44 Bloodlines
37:28 Chain Barding Armor
37:28 Devotion
38:19 Stone Mining
42:15 Forging
43:46 Paiks
44:47 Sanctity
44:38 Fervor
45:20 Bow Saw
45:01 Light Cavalry
48:12 Wheelbarrow
49:37 Iron Casting
Connection lost

Rejoining the realm…

Still unreachable

The connection could not be restored.

Session expired

The server has moved on; the page needs a fresh start.